 Dungeon Crawl Stone Soup version 0.25-a0-356-g7c9d860b3b (webtiles) character file.

Game seed: 4954363823716013888, levelgen mode: deterministic

552564 mopl the Black Belt (level 25, -5/140 HPs)
             Began as a Spriggan Transmuter on Jan 2, 2020.
             Was the Champion of Cheibriados.
             Slain by an acid blob (32 damage)
             ... on level 4 of the Pits of Slime on Jan 3, 2020.
             The game lasted 05:55:57 (67772 turns).

mopl the Black Belt (Spriggan Transmuter)          Turns: 67772, Time: 05:55:58

Health: -5/140     AC: 19    Str: 27    XL:     25   Next: 59%
Magic:  44/54      EV: 37    Int: 36    God:    Cheibriados [******]
Gold:   3426       SH:  0    Dex: 38    Spells: 2/56 levels left

rFire    + . .     SeeInvis +     - Unarmed
rCold    . . .     Gourm    .   (shield currently unavailable)
rNeg     . . .     Faith    .   B - +0 acid dragon scales
rPois    +         Spirit   .   S - +3 hat of Pondering {ponderous, MR+ MP+10 Int+5}
rElec    .         Reflect  .   N - +1 cloak {rPois}
rCorr    +         Harm     .   (gloves unavailable)
MR       +++++                  (boots unavailable)
Stlth    +++++++...             I - amulet of regeneration
HPRegen  0.73/turn              w - ring of Syndicalism {rF+ Dex+4 Slay+3}
MPRegen  0.34/turn              g - ring of Robustness {AC+8}

@: blade hands, very slow
A: very small, unfitting armour, see invisible, herbivore, speed 3, slow
metabolism 2, weak 1
}: 2/15 runes: decaying, gossamer
a: End Transformation, Bend Time, Temporal Distortion, Slouch, Step From Time,
Renounce Religion


You were on level 4 of the Pits of Slime.
You worshipped Cheibriados.
Cheibriados was exalted by your worship.
You were hungry.
You had blades for hands.
You visited 10 branches of the dungeon, and saw 48 of its levels.
You visited 1 bazaar.
You also visited: Sewer, Ice Cave, Volcano and Desolation.

You collected 7068 gold pieces.
You spent 3642 gold pieces at shops.

Inventory:

Hand Weapons
 b - a +7 fustibalus of venom (melded)
Missiles
 a - 1608 arrows
 d - 323 sling bullets
 h - 1235 stones (quivered)
 j - 71 boomerangs
 n - 14 atropa-tipped darts
 r - 6 curare-tipped darts
 P - 4 throwing nets
Armour
 m - a +0 buckler of resistance (melded)
 B - +0 acid dragon scales (worn)
 N - a +1 cloak of poison resistance (worn)
 S - the +3 hat of Pondering (worn) {ponderous, MR+ MP+10 Int+5}
   (You found it on level 3 of the Elven Halls)

   It affects your intelligence (+5).
   It affects your resistance to hostile enchantments.
   It affects your magic capacity (+10).
Jewellery
 g - the ring of Robustness (right scythe-like blade) {AC+8}
   (You found it on level 1 of the Vaults)

   [ring of protection]

   It affects your AC (+8).
 w - the ring of Syndicalism (left scythe-like blade) {rF+ Dex+4 Slay+3}
   (You took it off a deep elf blademaster on level 3 of the Elven Halls)

   [ring of protection from fire]

   It affects your dexterity (+4).
   It affects your accuracy and damage with ranged weapons and melee attacks
   (+3).
   It protects you from fire.
 A - the ring of Darkness {Wiz rF+ rC+ Int+4}
   (You found it on level 3 of the Elven Halls)

   [ring of wizardry]

   It improves your spell success rate.
   It affects your intelligence (+4).
   It protects you from fire.
   It protects you from cold.
 I - an amulet of regeneration (around neck)
Wands
 s - a wand of enslavement (2)
 v - a wand of clouds (12)
 x - a wand of digging (25)
 y - a wand of iceblast (28)
 J - a wand of acid (22)
 L - a wand of polymorph (21)
 Q - a wand of paralysis (9)
 Z - a wand of disintegration (17)
Scrolls
 f - 17 scrolls of teleportation
 i - 6 scrolls of vulnerability
 o - 15 scrolls of remove curse
 p - 10 scrolls of fog
 u - 4 scrolls of blinking
 F - 4 scrolls of immolation
 M - 4 scrolls of magic mapping
 T - 5 scrolls of fear
 X - 9 scrolls of identify
Potions
 k - 4 potions of invisibility
 q - 8 potions of lignification {!q}
 t - 8 potions of flight
 D - 6 potions of magic
 E - 5 potions of ambrosia
 G - 7 potions of resistance
 H - 3 potions of cancellation
 K - 5 potions of might
 O - 5 potions of heal wounds
 R - 12 potions of curing
 V - 8 potions of agility
Miscellaneous
 e - 2 phantom mirrors
 l - a fan of gales
 C - a phial of floods (inert)
 U - 5 boxes of beasts
 W - a lightning rod (4/4)
 Y - a lamp of fire
Comestibles
 c - 22 rations


   Skills:
 * Level 17.3 Fighting
 - Level 5.0(13.0) Slings
 + Level 15.5(15.7) Throwing
 + Level 15.3 Dodging
 - Level 15.0 Stealth
 - Level 7.2 Shields
 * Level 18.2 Unarmed Combat
 + Level 16.2 Spellcasting
 - Level 5.0 Conjurations
 - Level 5.0 Hexes
 - Level 8.0 Charms
 - Level 2.0 Summonings
 - Level 3.0 Necromancy
 - Level 9.0 Translocations
 + Level 15.3 Transmutations
 - Level 3.0 Fire Magic
 - Level 3.0 Ice Magic
 - Level 6.0 Earth Magic
 - Level 13.0 Invocations
 + Level 15.2 Evocations


You had 2 spell levels left.
You knew the following spells:

 Your Spells              Type           Power        Failure   Level  Hunger
a - Apportation           Tloc           ######       5%          1    None
b - Spider Form           Tmut/Pois      ######....   9%          3    None
c - Blade Hands           Tmut           #######...   7%          5    None
d - Ice Form              Ice/Tmut       #######.     11%         4    None
e - Blink                 Tloc           N/A          6%          2    None
f - Confusing Touch       Hex            ######       9%          1    None
g - Conjure Flame         Conj/Fire      ######..     14%         3    None
h - Summon Butterflies    Summ           #####...     13%         1    None
i - Irradiate             Conj/Tmut      #######...   13%         5    None
j - Song of Slaying       Chrm           ######..     7%          2    None
k - Petrify               Tmut/Erth      #######.     9%          4    None
p - Passwall              Tmut/Erth      #######.     4%          2    None
r - Regeneration          Chrm/Necr      ######....   12%         3    None
s - Ozocubu's Armour      Chrm/Ice       ######..     12%         3    None
w - Sticks to Snakes      Tmut           #######.     3%          2    None
x - Animate Skeleton      Necr           N/A          11%         1    None
y - Yara's Violent Unrav  Hex/Tmut       #######...   13%         5    None
D - Dragon Form           Tmut           #######...   22%         7    ###....

Your spell library contained the following spells:

 Spells                   Type           Power        Failure   Level  Hunger
 Beastly Appendage        Tmut           ######       3%          1    None
 Infusion                 Chrm           ####         6%          1    None
 Shroud of Golubria       Chrm/Tloc      ######       6%          2    None
 Sandblast                Erth           ######       8%          1    None
 Corona                   Hex            ######.      9%          1    None
 Magic Dart               Conj           ####         9%          1    None
 Foxfire                  Conj/Fire      ####         10%         1    None
 Slow                     Hex            ######..     10%         2    None
 Freeze                   Ice            ####         11%         1    None
 Pain                     Necr           ####         11%         1    None
 Ensorcelled Hibernation  Hex/Ice        ######       11%         2    None
 Swiftness                Chrm/Air       ######..     11%         2    None
 Summon Small Mammal      Summ           ####         13%         1    None
 Sublimation of Blood     Necr           ######....   13%         2    None
 Call Imp                 Summ           #####...     16%         2    None
 Poisonous Vapours        Pois/Air       ####..       22%         2    None
 Gell's Gravitas          Tloc           #######...   7%          3    None
 Lesser Beckoning         Tloc           #######...   7%          3    None
 Teleport Other           Tloc           #######.     7%          3    None
 Portal Projectile        Hex/Tloc       ######       10%         3    None
 Spectral Weapon          Hex/Chrm       ######..     10%         3    None
 Ignite Poison            Fire/Tmut/Pois ######..     11%         3    None
 Passage of Golubria      Tloc           N/A          11%         4    None
 Confuse                  Hex            ######..     12%         3    None
 Dazzling Flash           Conj/Hex       ######       12%         3    None
 Stone Arrow              Conj/Erth      ######       12%         3    None
 Tukima's Dance           Hex            ######..     12%         3    None
 Inner Flame              Hex/Fire       ######..     14%         3    None
 Summon Guardian Golem    Hex/Summ       ######..     16%         3    None
 Call Canine Familiar     Summ           #####...     21%         3    None
 Cause Fear               Hex            ######....   21%         4    None
 Fulminant Prism          Conj/Hex       ######....   21%         4    None
 Alistair's Intoxication  Tmut/Pois      ######..     21%         5    None
 Mephitic Cloud           Conj/Pois/Air  #####...     22%         3    None
 Hailstorm                Conj/Ice       ######..     26%         4    None
 Lee's Rapid Deconstruct  Erth           ######....   28%         5    None
 Excruciating Wounds      Chrm/Necr      ######....   30%         5    None
 Summon Ice Beast         Ice/Summ       #####...     34%         4    None
 Bolt of Magma            Conj/Fire/Erth ######....   36%         5    None
 Summon Lightning Spire   Summ/Air       #####...     45%         4    None
 Summon Mana Viper        Hex/Summ       ######..     45%         5    None
 Eringya's Noxious Bog    Tmut/Pois      ######....   45%         6    None
 Agony                    Necr           ######..     50%         5    None
 Darkness                 Hex            ######....   73%         6    None
 Invisibility             Hex            ######..     73%         6    None
 Simulacrum               Ice/Necr       ######....   90%         6    None
 Freezing Cloud           Conj/Ice/Air   #####.....   92%         6    None
 Malign Gateway           Summ/Tloc      ######....   98%         7    ###....
 Ring of Flames           Chrm/Fire      ######....   98%         7    ###....
 Monstrous Menagerie      Summ           #####.....   100%        7    ###....
 Summon Greater Demon     Summ           #####.....   100%        7    ###....
 Summon Hydra             Summ           #####.....   100%        7    ###....
 Chain Lightning          Conj/Air       #####.....   100%        8    #####..
 Ignition                 Fire           ######....   100%        8    #####..
 Lehudib's Crystal Spear  Conj/Erth      ######....   100%        8    #####..
 Summon Horrible Things   Summ           #####.....   100%        8    #####..
 Dragon's Call            Summ           #####.....   100%        9    ######.
 Fire Storm               Conj/Fire      ######....   100%        9    ######.
 Glaciate                 Conj/Ice       ######....   100%        9    ######.


Dungeon Overview and Level Annotations

Branches:
Dungeon (15/15)            Temple (1/1) D:6            Lair (6/6) D:8
  Swamp (4/4) Lair:2       Spider (4/4) Lair:3        Slime (4/5) Lair:6
    Orc (2/2) D:9             Elf (3/3) Orc:2        Vaults (4/5) D:14
  Crypt (0/3) Vaults:3     Depths (5/5) D:15            Zot (0/5) Depths:5
  Sewer (visited)           IceCv (visited)         Volcano (visited)
Desolation (visited)

Altars:
Ashenzari
Cheibriados
Dithmenos
Elyvilon
Fedhas
Gozag
Hepliaklqana
Kikubaaqudgha
Makhleb
Nemelex Xobeh
Okawaru
Qazlal
Ru
Sif Muna
Trog
Uskayaw
Vehumet
Wu Jian
Xom
Yredelemnul
Zin
The Shining One
Beogh
Jiyva

Shops:
D:5 [   D:6 ([*}   D:10 =   Orc:2 *[(?   Elf:1 }=}   Vaults:1 ?   Depths:4 =

Portals:
Hell: Depths:1 Depths:2 Depths:3 Depths:4 Depths:5
Abyss: Depths:4
Pandemonium: Depths:3 Depths:4
Ziggurat: Depths:3
Trove: Vaults:2 (give 8 scrolls of blinking)

Annotations:
Spider:3 Bai Suzhen
Spider:4 torment
Vaults:2 contam relec rf ring
Vaults:3 FDA + mut
Depths:4 mut + faith + relec crown, 3 runed translucent doors, Ywomigaa's ghost, master FoFi
Depths:5 IDA


Innate Abilities, Weirdness & Mutations

You are very small and have problems with some larger weapons.
You are too small for most types of armour.
You have supernaturally acute eyesight. (SInv)
You are a herbivore.
You cover ground extremely quickly.
You need to consume almost no food.
You are weak. (Str -2)


Message History

* * * LOW HITPOINT WARNING * * *
You are splashed with acid.
You resist.
* * * LOW HITPOINT WARNING * * *
The acid blob completely misses you. The acid blob spits acid at you.
The splash of acid hits you but does no damage.
You are splashed with acid!
You resist.
* * * LOW HITPOINT WARNING * * *
Okay, then.
Unknown command.
You feel much better. The acid blob spits acid at you.
The splash of acid misses you. The acid blob spits acid at you.
The splash of acid hits you. You resist.
* * * LOW HITPOINT WARNING * * *
You are splashed with acid.
You resist.
* * * LOW HITPOINT WARNING * * *
The acid blob hits you!!
You die...

.. ........ #.#
###.#......
##.###..........
#...#..........#
#..#.#........#
........#.....#.
#.....JJ......
#...@JJ.(.((.
#.....J..#....
........G..# .
.##.###.....# #
#......#
#..##.## .... ##
#^.#


You could see 4 acid blobs, a slime creature and a glowing orange brain.

Vanquished Creatures
  Mara (Depths:1)
  Mennas (Depths:3)
  2 ancient liches
  A juggernaut (Depths:5)
  Boris (Depths:4)
  Xtahua (Depths:4)
  Margery (Vaults:2)
  Saint Roka (Depths:1)
  3 golden dragons
  Nikola (Swamp:2)
  Arachne (Spider:3)
  9 liches
  A deep elf blademaster (Elf:3)
  6 tentacled monstrosities (Depths:4)
  A quicksilver dragon (Depths:3)
  Frances (Spider:2)
  4 deep elf master archers (Elf:3)
  2 titans (Depths:3)
  2 acid blobs
  4 thorn hunters (Swamp:4)
  2 tengu reavers
  Kirke (D:12)
  7 sphinxes
  4 shadow dragons
  4 storm dragons
  3 azure jellies
  7 fire giants
  8 frost giants
  2 iron dragons
  An orc warlord (Orc:2)
  2 balrugs
  5 deep elf sorcerers (Elf:3)
  5 vault wardens
  5 ghost moths
  A large abomination (Elf:3)
  An angel (Depths:3)
  5 emperor scorpions
  A draconian stormcaller (Depths:5)
  A ghoul (Swamp:2)
  5 deep elf elementalists (Elf:3)
  4 entropy weavers
  2 imperial myrmidons (Desolation)
  7 ironheart preservers
  16 stone giants
  52 very ugly things
  8 vampire knights
  5 spriggan defenders
  A green draconian (Depths:5)
  10 deep elf demonologists
  A minotaur (D:13)
  10 deep elf annihilators
  Azrael (Spider:2)
  4 spark wasps
  The ghost of Yxuheg the Grappler, a journeyman TrMo of Elyvilon (D:13)
  2 black draconians (Depths:5)
  2 red draconians (Depths:5)
  A white draconian (Depths:5)
  3 ettins
  4 crystal guardians (Desolation)
  9 deep elf death magi
  Snorg (Orc:2)
  19 ogre magi
  2 death oozes
  19 fire dragons
  3 jiangshi (Depths:2)
  6 deep elf high priests
  7 ragged hierophants (Desolation)
  10 yaktaur captains
  5 servants of whispers
  13 great orbs of eyes
  13 ice dragons
  15 hydras
  3 rakshasas
  5 spriggan air magi
  A catoblepas (Lair:6)
  A shambling mangrove (Swamp:4)
  A ghost crab (Swamp:1)
  8 peacekeepers (Desolation)
  A death knight (D:15)
  54 two-headed ogres
  Erica (Orc:1)
  17 centaur warriors
  30 dancing weapons
  5 tengu warriors
  9 deep troll earth magi
  19 alligators
  A small abomination (Elf:3)
  9 spriggan berserkers
  5 vampire magi
  An orc high priest (Orc:2)
  11 death yaks
  9 deep troll shamans
  22 deep elf knights
  5 hell knights (Vaults:2)
  5 iron trolls
  3 sun demons
  3 shadow wraiths (Depths:3)
  2 soul eaters (Depths:3)
  12 skeletal warriors
  11 swamp dragons
  30 deep trolls
  3 flayed ghosts
  6 spriggan druids
  3 glowing orange brains
  12 wizards
  2 unseen horrors (D:13)
  A deep troll (shapeshifter) (Depths:4)
  4 harpies (Vaults:1)
  9 ironbrand convokers
  A lindwurm (shapeshifter) (Elf:3)
  5 phantasmal warriors
  A lindwurm (Lair:4)
  22 deep elf archers
  21 orc knights
  A harpy (shapeshifter) (Depths:5)
  7 necromancers
  2 anaconda skeletons (Volcano)
  4 orc sorcerers
  19 orb spiders
  33 wolf spiders
  An orb spider (shapeshifter) (Vaults:2)
  A cyclops (shapeshifter) (Vaults:2)
  65 deep elf magi
  A shining eye (Slime:1)
  2 oklob plants (D:11)
  7 cyclopes
  61 ugly things
  5 manticores
  52 yaktaurs
  4 ice statues (IceCv)
  2 moths of wrath
  Joseph (D:8)
  3 guardian serpents (Desolation)
  11 elephants
  Maurice (D:8)
  A spriggan zombie (Depths:3)
  Psyche (D:8)
  2 torpor snails
  5 black mambas
  9 vault sentinels
  6 gargoyles
  11 spiny frogs
  7 freezing wraiths
  A kobold demonologist (D:12)
  A rime drake (Lair:2)
  A torpor snail (shapeshifter) (Depths:2)
  2 komodo dragons (shapeshifter)
  12 komodo dragons
  2 efreet
  16 demonic crawlers
  A guardian mummy (Vaults:2)
  8 ice devils
  A meliai (shapeshifter) (Depths:5)
  6 tengu conjurers
  2 queen bees
  A wind drake (shapeshifter) (D:11)
  30 jumping spiders
  A jumping spider (shapeshifter) (D:13)
  A wolf spider simulacrum (D:13)
  A sphinx simulacrum (Vaults:1)
  A red devil (Depths:4)
  16 trolls
  12 tyrant leeches
  4 polar bears
  10 hornets
  A hornet (shapeshifter) (D:13)
  A polar bear (shapeshifter) (Vaults:1)
  A raiju (Spider:4)
  Prince Ribbit (D:9)
  62 slime creatures
  44 saltlings
  10 hippogriffs
  2 dream sheep (Lair:6)
  17 blink frogs
  21 bog bodies
  Sigmund (D:6)
  4 air elementals
  27 tarantellas
  A spriggan (shapeshifter) (Depths:4)
  2 flying skulls (Volcano)
  10 spriggans
  A redback (shapeshifter) (Vaults:3)
  2 wraiths
  8 water elementals
  4 fire bats
  6 shadows
  3 vampires
  An alligator skeleton (Volcano)
  4 hogs (D:12)
  2 wyverns
  8 fire elementals
  32 yaks
  49 redbacks
  Grum (D:8)
  23 vampire mosquitoes
  A hog (shapeshifter) (Vaults:4)
  2 basilisks
  3 hungry ghosts
  A neqoxec (Depths:4)
  An acid dragon (D:12)
  17 insubstantial wisps
  A soldier ant (shapeshifter) (Vaults:2)
  17 swamp worms
  A human zombie (Depths:3)
  9 wargs
  5 water moccasins
  A soldier ant (D:13)
  2 floating eyes
  9 porcupines
  24 swamp drakes
  A floating eye (shapeshifter) (Depths:5)
  8 hell hounds
  50 orc warriors
  A black bear (shapeshifter) (Vaults:4)
  2 phantoms
  7 sky beasts
  6 ice beasts
  2 black bears
  6 eyes of draining
  A hornet zombie (D:12)
  5 necrophages
  48 ogres
  3 boggarts (Vaults:3)
  11 wolves
  A boggart (shapeshifter) (Depths:3)
  18 centaurs
  5 crocodiles
  4 big kobolds (D:12)
  19 bullfrogs
  A gnoll sergeant (D:9)
  5 earth elementals
  A wyvern zombie (D:12)
  A wyvern skeleton (D:14)
  2 scorpions
  62 killer bees
  2 troll skeletons (Volcano)
  6 howler monkeys
  A wight (D:6)
  5 electric eels
  3 spriggan skeletons
  15 crimson imps
  2 bullfrog zombies
  A quasit (D:3)
  A centaur zombie (D:9)
  A human simulacrum (Vaults:2)
  A draconian simulacrum (IceCv)
  4 jellies
  12 hounds
  27 orc wizards
  5 bullfrog skeletons
  9 centaur skeletons
  22 orc priests
  An iron imp (D:7)
  7 iguanas
  Ijyb (D:3)
  A spriggan simulacrum (IceCv)
  4 hell rats (Lair:2)
  9 worker ants
  A killer bee zombie (D:9)
  3 troll simulacra (IceCv)
  3 naga skeletons (Volcano)
  A howler monkey zombie (D:6)
  3 worker ant zombies
  15 gnolls
  A naga simulacrum (IceCv)
  20 adders
  2 ogre simulacra (IceCv)
  A river rat (D:4)
  9 shadow imps
  13 white imps
  An ooze (D:2)
  An adder zombie (D:9)
  An adder skeleton (D:7)
  2 worms
  2 dart slugs
  5 leopard geckos
  113 orcs
  A ball python (D:4)
  4 bats
  11 giant cockroaches
  5 goblins (D:2)
  8 hobgoblins
  12 jackals
  28 kobolds
  6 quokkas
  6 frilled lizards
  A jackal zombie (D:6)
  A leopard gecko zombie (D:6)
  A quokka zombie (D:6)
  10 rats
  A bush (Lair:3)
  2 crawling corpses
  A fungus (Lair:1)
  4 plants
2351 creatures vanquished.

Vanquished Creatures (collateral kills)
  An orc warlord (Orc:1)
  A vault warden (Vaults:1)
  A purple draconian (Depths:5)
  2 jiangshi (Depths:5)
  3 vault guards (Vaults:1)
  A deep troll earth mage (Depths:1)
  2 deep troll shamans
  A tengu warrior (D:14)
  2 skeletal warriors
  An iron troll (Depths:1)
  3 deep trolls
  An ironbrand convoker (Vaults:1)
  2 orb spiders (Spider:3)
  A wolf spider (Spider:3)
  2 shining eyes
  An ice devil (IceCv)
  3 dream sheep (Lair:6)
  A slime creature (Slime:4)
  4 tarantellas (Spider:3)
  5 redbacks (Spider:3)
  A hell hound (Lair:5)
  An ogre (Depths:2)
  An adder (D:6)
  3 orcs
44 creatures vanquished.

Vanquished Creatures (others)
  A very ugly thing (Depths:1)
  A spark wasp (Spider:4)
  A centaur warrior (D:14)
  A deep troll shaman (Lair:6)
  2 deep troll earth magi
  A deep elf knight (Elf:1)
  A death drake (shapeshifter) (Depths:2)
  An anaconda skeleton (Volcano)
  2 deep elf magi
  A tengu conjurer (Depths:3)
  A flying skull (Volcano)
  An air elemental (Elf:1)
  A human (D:12)
  2 vampire mosquitoes (Swamp:2)
  2 wargs (Orc:2)
  An orc warrior (D:13)
  2 ogres
  A water moccasin skeleton (D:7)
  An orc wizard (Elf:1)
  An iguana (D:7)
  A spriggan simulacrum (IceCv)
  A naga simulacrum (IceCv)
  5 orcs
  3 briar patches (Swamp:4)
  A bush (Lair:1)
  11 fungi
  8 plants
  4 withered plants (D:8)
59 creatures vanquished.

Grand Total: 2454 creatures vanquished

Notes
Turn   | Place    | Note
-------+----------+-------------------------------------------
     0 | D:1      | mopl the Spriggan Transmuter began the quest for the Orb.
     0 | D:1      | Reached XP level 1. HP: 9/9 MP: 5/5
   390 | D:1      | Reached skill level 3 in Transmutations
   390 | D:1      | Reached XP level 2. HP: 14/14 MP: 4/6
   394 | D:1      | Learned a level 2 spell: Sticks to Snakes
   563 | D:1      | Reached skill level 3 in Spellcasting
   692 | D:1      | Reached XP level 3. HP: 13/17 MP: 8/8
   697 | D:1      | Learned a level 3 spell: Spider Form
   818 | D:1      | Reached skill level 3 in Unarmed Combat
  1778 | D:2      | Reached skill level 1 in Throwing
  2112 | D:2      | Reached XP level 4. HP: 21/21 MP: 8/10
  2356 | D:2      | Found a glowing silver altar of Zin.
  2715 | D:3      | Noticed Ijyb
  2744 | D:3      | Killed Ijyb
  2879 | D:3      | Reached skill level 4 in Transmutations
  2879 | D:3      | Reached XP level 5. HP: 16/25 MP: 8/11
  3293 | D:4      | Reached skill level 4 in Spellcasting
  3374 | D:4      | Reached skill level 2 in Throwing
  3448 | D:4      | Found a glowing drain.
  3489 | Sewer    | Entered a sewer
  3556 | Sewer    | Learned a level 4 spell: Ice Form
  3600 | Sewer    | Noticed a crocodile
  3617 | Sewer    | Killed a crocodile
  3617 | Sewer    | Reached skill level 1 in Fighting
  3617 | Sewer    | Reached skill level 4 in Unarmed Combat
  3617 | Sewer    | Reached XP level 6. HP: 30/30 MP: 13/13
  3978 | D:4      | HP: 1/30 [orc/+0 club (5)]
  4782 | D:5      | Entered Level 5 of the Dungeon
  4799 | D:5      | Found Duigg's Antique Armour Emporium.
  4801 | D:5      | Found a stormy altar of Qazlal.
  4815 | D:5      | Noticed a sky beast
  4883 | D:5      | Killed a sky beast
  5040 | D:5      | Found a radiant altar of Vehumet.
  5125 | D:5      | Reached skill level 1 in Ice Magic
  5125 | D:5      | Reached XP level 7. HP: 31/33 MP: 11/14
  5194 | D:5      | Learned a level 5 spell: Blade Hands
  5221 | D:5      | Reached skill level 5 in Transmutations
  5325 | D:5      | Reached skill level 4 in Dodging
  5625 | D:5      | Found an opulent altar of Gozag.
  5840 | D:5      | Found a shimmering altar of Xom.
  5937 | D:6      | Found a basalt altar of Yredelemnul.
  6256 | D:6      | Found a shattered altar of Ashenzari.
  6272 | D:6      | Found Ickuzud's General Store.
  6294 | D:6      | Found Ycianuch's Antique Armour Emporium.
  6322 | D:6      | Bought a scroll of fog for 26 gold pieces
  6322 | D:6      | Bought a scroll of blinking for 97 gold pieces
  6322 | D:6      | Bought a potion of resistance for 130 gold pieces
  6421 | D:6      | Reached skill level 5 in Spellcasting
  6448 | D:6      | Reached skill level 2 in Fighting
  6448 | D:6      | Reached skill level 3 in Throwing
  6448 | D:6      | Reached skill level 5 in Unarmed Combat
  6470 | D:6      | Found Orruw's Weapon Emporium.
  6502 | D:6      | Reached XP level 8. HP: 35/39 MP: 16/16
  6599 | D:6      | Bought a potion of cancellation for 104 gold pieces
  6674 | D:6      | Reached skill level 5 in Dodging
  6674 | D:6      | Reached skill level 2 in Ice Magic
  6909 | D:6      | Reached skill level 6 in Transmutations
  7595 | D:6      | Noticed a troll
  7623 | D:6      | Reached skill level 4 in Throwing
  7659 | D:6      | Killed a troll
  7659 | D:6      | Reached skill level 3 in Fighting
  7659 | D:6      | Reached skill level 6 in Dodging
  7659 | D:6      | Reached skill level 6 in Unarmed Combat
  7659 | D:6      | Reached XP level 9. HP: 44/44 MP: 17/17
  7813 | D:6      | Noticed Sigmund
  7838 | D:6      | Killed Sigmund
  7838 | D:6      | Reached skill level 3 in Ice Magic
  7988 | D:6      | Found a staircase to the Ecumenical Temple.
  8028 | Temple   | Entered the Ecumenical Temple
  8315 | D:6      | Found Qimuidyakk's Gadget Emporium.
  8341 | D:6      | Bought a wand of enslavement (6) for 88 gold pieces
  8489 | D:6      | Bought a wand of enslavement (8) for 130 gold pieces
  8508 | D:7      | Found a transporter.
  8513 | D:7      | Found a sacrificial altar of Ru.
  8513 | D:7      | Found a transporter.
  8514 | D:7      | Noticed an efreet
  8533 | D:7      | Reached skill level 7 in Transmutations
  9116 | D:6      | Reached skill level 7 in Dodging
  9694 | D:7      | Found a snail-covered altar of Cheibriados.
  9717 | D:7      | Became a worshipper of Cheibriados the Contemplative
 10264 | D:7      | Reached skill level 5 in Throwing
 10672 | D:8      | Reached skill level 7 in Unarmed Combat
 11276 | D:8      | Reached skill level 4 in Fighting
 11276 | D:8      | Reached skill level 1 in Invocations
 11449 | D:8      | Found a staircase to the Lair.
 11488 | D:8      | Noticed a troll
 11494 | D:8      | Killed a troll
 11494 | D:8      | Reached XP level 10. HP: 49/49 MP: 13/19
 11614 | D:8      | Reached skill level 1 in Evocations
 11697 | D:8      | Reached skill level 8 in Transmutations
 11776 | D:8      | Noticed Grum
 11816 | D:8      | Killed Grum
 11816 | D:8      | Reached * piety under Cheibriados
 11816 | D:8      | Reached skill level 8 in Dodging
 11816 | D:8      | Reached skill level 6 in Spellcasting
 11816 | D:8      | Reached skill level 2 in Invocations
 11838 | D:8      | Noticed Maurice
 11850 | D:8      | Killed Maurice
 11850 | D:8      | Reached skill level 2 in Evocations
 11933 | D:8      | Noticed Psyche
 11942 | D:8      | Killed Psyche
 12086 | D:8      | Noticed Joseph
 12138 | D:8      | Killed Joseph
 12203 | D:8      | Found a shimmering blue altar of Sif Muna.
 12259 | D:8      | Found an ancient bone altar of Kikubaaqudgha.
 12527 | D:9      | Noticed Prince Ribbit
 12546 | D:9      | Killed Prince Ribbit
 12546 | D:9      | Reached skill level 3 in Evocations
 12593 | D:9      | Noticed a two-headed ogre
 12640 | D:9      | Killed a two-headed ogre
 12640 | D:9      | Reached skill level 6 in Throwing
 12640 | D:9      | Reached skill level 3 in Invocations
 12706 | D:9      | Reached skill level 8 in Unarmed Combat
 12755 | D:9      | Noticed a green very ugly thing
 13075 | D:9      | Reached ** piety under Cheibriados
 13278 | D:9      | Reached XP level 11. HP: 47/54 MP: 19/21
 13350 | D:9      | Reached skill level 4 in Evocations
 13374 | D:9      | Noticed a two-headed ogre
 13391 | D:9      | Killed a two-headed ogre
 13391 | D:9      | Reached skill level 9 in Dodging
 13391 | D:9      | Reached skill level 9 in Transmutations
 13461 | D:9      | Reached skill level 5 in Fighting
 13565 | D:9      | Found a staircase to the Orcish Mines.
 13574 | D:9      | Found a shadowy altar of Dithmenos.
 13623 | D:9      | Killed a green very ugly thing
 13946 | D:9      | Found a bloodstained altar of Trog.
 14158 | D:10     | Entered Level 10 of the Dungeon
 14561 | D:10     | Reached *** piety under Cheibriados
 14561 | D:10     | Reached skill level 4 in Invocations
 14641 | D:10     | Reached skill level 5 in Evocations
 14947 | D:10     | Found Ynoff's Jewellery Boutique.
 14955 | D:10     | Bought a cursed ring of attention for 54 gold pieces
 15174 | D:11     | Noticed a skeletal warrior
 15174 | D:11     | Noticed a skeletal warrior
 15249 | Lair:1   | Entered Level 1 of the Lair of Beasts
 15345 | D:6      | Bought a wand of clouds (4) for 264 gold pieces
 15801 | Lair:1   | Reached **** piety under Cheibriados
 15801 | Lair:1   | Reached skill level 9 in Unarmed Combat
 15802 | Lair:1   | Reached skill level 7 in Throwing
 15887 | Lair:1   | Reached skill level 10 in Dodging
 15912 | Lair:1   | Noticed a seven-headed hydra
 16007 | Lair:1   | Killed a seven-headed hydra
 16007 | Lair:1   | Reached skill level 10 in Transmutations
 16007 | Lair:1   | Reached skill level 5 in Invocations
 16007 | Lair:1   | Reached XP level 12. HP: 58/60 MP: 22/22
 16325 | Lair:2   | Learned a level 2 spell: Blink
 16385 | Lair:2   | Reached skill level 1 in Translocations
 16394 | Lair:2   | Found a dark tunnel.
 16432 | Volcano  | Entered a volcano
 16440 | Volcano  | Reached skill level 6 in Fighting
 16488 | Volcano  | Reached skill level 2 in Translocations
 16772 | Volcano  | Reached skill level 6 in Invocations
 17052 | Lair:2   | Reached ***** piety under Cheibriados
 17845 | Lair:2   | Found a staircase to the Swamp.
 18066 | Lair:3   | Noticed a death yak
 18072 | Lair:3   | Noticed a death yak
 18075 | Lair:3   | Noticed a death yak
 18077 | Lair:3   | Killed a death yak
 18077 | Lair:3   | Reached skill level 7 in Fighting
 18077 | Lair:3   | Reached skill level 11 in Dodging
 18077 | Lair:3   | Reached skill level 3 in Translocations
 18077 | Lair:3   | Noticed a death yak
 18078 | Lair:3   | Noticed a death yak
 18083 | Lair:3   | Noticed a death yak
 18091 | Lair:3   | Killed a death yak
 18091 | Lair:3   | Reached skill level 1 in Stealth
 18100 | Lair:3   | Killed a death yak
 18100 | Lair:3   | Reached skill level 10 in Unarmed Combat
 18114 | Lair:3   | Killed a death yak
 18114 | Lair:3   | Reached skill level 8 in Throwing
 18119 | Lair:3   | Killed a death yak
 18119 | Lair:3   | Reached skill level 2 in Stealth
 18119 | Lair:3   | Reached skill level 7 in Invocations
 18122 | Lair:3   | Killed a death yak
 18399 | Lair:3   | Noticed an eight-headed hydra
 18411 | Lair:3   | Killed an eight-headed hydra
 18411 | Lair:3   | Reached XP level 13. HP: 67/67 MP: 17/23
 18505 | Lair:3   | Found a hole to the Spider Nest.
 18757 | Lair:3   | Reached skill level 4 in Translocations
 18909 | Lair:4   | Reached skill level 3 in Stealth
 19349 | Lair:4   | HP: 3/67 [lindwurm/blast of flame (43)]
 19760 | Lair:5   | Found a transporter.
 20085 | Lair:5   | Found a transporter.
 20171 | Lair:5   | Reached skill level 4 in Stealth
 20609 | Lair:6   | Entered Level 6 of the Lair of Beasts
 20646 | Lair:6   | Reached skill level 8 in Invocations
 20650 | Lair:6   | Reached skill level 5 in Translocations
 20826 | Lair:6   | Found a viscous altar of Jiyva.
 20826 | Lair:6   | Found a staircase to the Slime Pits.
 20942 | Lair:6   | Reached skill level 8 in Fighting
 21174 | Lair:6   | Reached skill level 5 in Stealth
 21564 | Lair:6   | Reached skill level 12 in Dodging
 21986 | Orc:1    | Entered Level 1 of the Orcish Mines
 22059 | Orc:1    | Noticed Erica
 22140 | Orc:1    | Killed Erica
 22471 | Orc:1    | Reached skill level 7 in Spellcasting
 22546 | Orc:2    | Entered Level 2 of the Orcish Mines
 22550 | Orc:2    | Noticed an orc warlord
 22565 | Orc:1    | Reached skill level 6 in Translocations
 22587 | Orc:2    | Reached XP level 14. HP: 64/74 MP: 21/25
 22662 | Orc:2    | Upgraded the game from 0.25-a0-353-ged6d54792d to
                  | 0.25-a0-356-g7c9d860b3b
 22809 | Orc:2    | Noticed Snorg
 22824 | Orc:2    | Killed Snorg
 23091 | Orc:2    | Reached skill level 6 in Stealth
 23106 | Orc:2    | Reached ****** piety under Cheibriados
 23302 | Orc:1    | Killed an orc warlord
 23364 | Orc:1    | Reached skill level 11 in Unarmed Combat
 23410 | Orc:2    | Found a staircase to the Elven Halls.
 23450 | Orc:1    | Noticed an orc warlord
 23506 | Orc:2    | Killed an orc warlord
 23572 | Orc:2    | Reached skill level 9 in Invocations
 23690 | Orc:1    | Found a burning altar of Makhleb.
 24118 | Orc:2    | Reached skill level 9 in Throwing
 24118 | Orc:2    | Reached skill level 6 in Evocations
 24308 | Orc:2    | Reached skill level 7 in Stealth
 24419 | Orc:2    | Reached skill level 9 in Fighting
 24540 | Orc:2    | Found Doamm's Weapon Shoppe.
 24540 | Orc:2    | Found Dedeizawk's Assorted Antiques.
 24540 | Orc:2    | Found Xatatil's Magic Scroll Boutique.
 24540 | Orc:2    | Found Coiwaed's Armour Shoppe.
 24560 | Orc:2    | Bought a scroll of noise for 10 gold pieces
 24560 | Orc:2    | Bought a scroll of immolation for 35 gold pieces
 24560 | Orc:2    | Bought a scroll of identify for 20 gold pieces
 24560 | Orc:2    | Bought a scroll of teleportation for 30 gold pieces
 24560 | Orc:2    | Bought a scroll of identify for 20 gold pieces
 24562 | Orc:2    | Bought a scroll labeled DYQOKIPHUNK for 31 gold pieces
 24562 | Orc:2    | Bought a scroll labeled KOCOAMNI OXKU for 31 gold pieces
 24562 | Orc:2    | Bought a potion of heal wounds for 155 gold pieces
 24562 | Orc:2    | Bought a potion of heal wounds for 155 gold pieces
 24562 | Orc:2    | Bought a scroll of identify for 62 gold pieces
 24562 | Orc:2    | Bought a creamy pearl robe for 176 gold pieces
 24575 | Orc:2    | Identified the +0 robe of Contentment {rElec Dex+2} (You
                  | bought it in a shop on level 2 of the Orcish Mines)
 24760 | Orc:2    | Reached skill level 7 in Evocations
 25657 | D:11     | Reached skill level 8 in Stealth
 25657 | D:11     | Reached skill level 10 in Invocations
 26099 | D:11     | Reached XP level 15. HP: 79/79 MP: 21/26
 27640 | D:12     | Noticed Kirke
 27661 | D:12     | Killed Kirke
 27881 | D:12     | Identified the +7 quick blade of a Thousand Yaks {holy,
                  | rPois rC+ Int-2} (You found it on level 12 of the Dungeon)
 28083 | D:13     | Reached skill level 8 in Evocations
 28093 | D:13     | Reached skill level 9 in Stealth
 28093 | D:13     | Reached skill level 12 in Unarmed Combat
 28130 | D:13     | Reached skill level 10 in Fighting
 28858 | D:13     | Found a runed translucent gate.
 28858 | D:13     | Found a runed translucent gate.
 28859 | D:13     | Found a runed translucent gate.
 28883 | D:13     | Noticed Yxuheg's ghost (journeyman TrMo)
 29044 | D:14     | Reached skill level 10 in Throwing
 29155 | D:14     | Found a frozen archway.
 29205 | D:14     | Found a shattered altar of Ashenzari.
 29221 | IceCv    | Entered an ice cave
 29537 | IceCv    | Reached skill level 8 in Spellcasting
 29979 | D:7      | Reached skill level 11 in Invocations
 30723 | D:14     | Learned a level 1 spell: Apportation
 30725 | D:14     | Learned a level 1 spell: Animate Skeleton
 30727 | D:14     | Learned a level 1 spell: Confusing Touch
 30798 | D:14     | Reached skill level 10 in Stealth
 30898 | D:14     | Reached skill level 1 in Hexes
 31013 | D:14     | Reached XP level 16. HP: 82/86 MP: 29/29
 31176 | D:14     | Found a gate to the Vaults.
 31579 | D:15     | Entered Level 15 of the Dungeon
 31993 | D:15     | Reached skill level 9 in Evocations
 32070 | D:15     | Found a roughly hewn altar of Beogh.
 32155 | D:15     | Found a staircase to the Depths.
 32297 | D:15     | Found a stormy altar of Qazlal.
 32413 | D:15     | Reached skill level 2 in Hexes
 33055 | Lair:6   | Found the +4 dagger "Morg" {pain, MR+ Int+5}
 33588 | Spider:1 | Entered Level 1 of the Spider Nest
 33593 | Lair:3   | Reached skill level 7 in Translocations
 34298 | Spider:1 | Reached skill level 3 in Hexes
 34372 | Spider:1 | Learned a level 3 spell: Ozocubu's Armour
 34670 | Spider:1 | Reached skill level 1 in Charms
 35027 | Spider:2 | Noticed Azrael
 35106 | Spider:2 | Killed Azrael
 35106 | Spider:2 | Reached skill level 11 in Fighting
 35266 | Spider:2 | Reached skill level 2 in Charms
 35301 | Spider:2 | Noticed Frances
 35311 | Spider:2 | Killed Frances
 35311 | Spider:2 | Reached skill level 9 in Spellcasting
 35327 | Spider:2 | Learned a level 3 spell: Conjure Flame
 35474 | Spider:2 | Reached skill level 12 in Invocations
 35596 | Spider:2 | Reached skill level 4 in Hexes
 35596 | Spider:2 | Reached skill level 8 in Translocations
 35787 | Spider:2 | Reached skill level 3 in Charms
 35970 | Spider:2 | Learned a level 1 spell: Summon Butterflies
 36716 | Spider:3 | Reached XP level 17. HP: 63/91 MP: 31/31
 36881 | Spider:3 | Reached skill level 10 in Evocations
 36887 | Spider:3 | Noticed Arachne
 36914 | Spider:3 | Killed Arachne
 36914 | Spider:3 | Reached skill level 13 in Unarmed Combat
 36914 | Spider:3 | Reached skill level 1 in Summonings
 37167 | Spider:3 | Reached skill level 11 in Throwing
 37375 | Spider:3 | Noticed Bai Suzhen
 37576 | Spider:4 | Entered Level 4 of the Spider Nest
 37680 | Spider:4 | Reached skill level 5 in Hexes
 38289 | Spider:4 | Reached skill level 1 in Conjurations
 38296 | Spider:4 | Reached skill level 1 in Slings
 38300 | Spider:4 | Reached skill level 1 in Fire Magic
 38355 | Spider:4 | Reached skill level 2 in Summonings
 38462 | Spider:4 | Reached skill level 11 in Stealth
 39143 | Spider:4 | Reached skill level 2 in Slings
 39283 | Spider:4 | Got a gossamer rune of Zot
 39479 | Lair:1   | mopl: !lg * sptm won
 39479 | Lair:1   | meem: 39. forgotmyname the Sorcerer (L27 SpTm of
                  | Ashenzari), escaped with the Orb and 3 runes on 2019-11-09
                  | 01:43:09, with 1571946 points after 88242 turns and
                  | 4:19:54.
 39479 | Lair:1   | mopl: !lg * sptm won s=skill
 39479 | Lair:1   | meem: 39 games for * (sptm won): 13x Dodging, 11x Stealth,
                  | 5x Unarmed Combat, 4x Spellcasting, 2x Translocations,
                  | Evocations, Fighting, Necromancy, Transmutations
 39479 | Lair:1   | mopl: !lg * sptm won s=title
 39479 | Lair:1   | meem: 39 games for * (sptm won): 7x Intangible, 5x Acrobat,
                  | 5x Ninja, 5x Imperceptible, 4x Sensei, 3x Sorcerer, Slayer,
                  | Archmage, Grand Master, Unseen, Thanatomancer, Talismancer,
                  | Plane Walker, Portalist, Spry, Shapeless Spriggan
 39479 | Lair:1   | mopl: !lg * sptm won s=name
 39479 | Lair:1   | meem: 39 games for * (sptm won): 3x Yermak, 2x MrPlanck, 2x
                  | forgotmyname, Tolias, trigonal, blooo, cobra, comborobin,
                  | coolrobin, dstrng, Dynast, eith, Eronarn, 78291,
                  | InternetKraken, JiyvaJigglypuff, kraphead, lessens,
                  | Milbert, MrChinwatt, 420StarChild, murphy, NeCobalt, nht,
                  | nikheizen, nubinia, Pekkekk, perunasaurus, polystyrus,
                  | rchandra, ShadedKnight, Soadreqm, Stabwound, stickyfingers,
                  | tlatlagkaus
 39479 | Lair:1   | mopl: !lg . sptm s=xl
 39479 | Lair:1   | meem: 51 games for mopl (sptm): 12x 1, 10x 3, 8x 4, 5x 2,
                  | 3x 5, 2x 7, 2x 6, 2x 9, 2x 10, 2x 11, 8, 24, 13
 39553 | Swamp:1  | Entered Level 1 of the Swamp
 39959 | Swamp:1  | Reached skill level 2 in Fire Magic
 40029 | Swamp:1  | Reached skill level 2 in Conjurations
 40632 | Swamp:2  | Reached skill level 13 in Invocations
 40788 | Swamp:2  | Reached skill level 3 in Slings
 40797 | Swamp:2  | Reached skill level 12 in Fighting
 40985 | Swamp:2  | Reached XP level 18. HP: 98/98 MP: 32/32
 41132 | Swamp:2  | Noticed Nikola
 41243 | Swamp:2  | Killed Nikola
 41973 | Swamp:3  | Reached skill level 12 in Stealth
 41978 | Swamp:3  | Reached skill level 4 in Slings
 42779 | Swamp:4  | Entered Level 4 of the Swamp
 42959 | Swamp:4  | Reached skill level 9 in Translocations
 43104 | Swamp:4  | Reached skill level 3 in Fire Magic
 43116 | Swamp:4  | Identified the +11 long sword of Hatred {slice, Fragile
                  | rPois rC+++} (You found it on level 4 of the Swamp)
 43354 | Swamp:4  | Learned a level 3 spell: Regeneration
 43388 | Swamp:4  | Learned a level 2 spell: Song of Slaying
 43464 | Swamp:4  | Reached skill level 1 in Necromancy
 43790 | Swamp:4  | Reached skill level 3 in Conjurations
 43842 | Swamp:4  | Reached skill level 4 in Charms
 44038 | Swamp:4  | Reached skill level 5 in Slings
 44081 | Swamp:4  | Got a decaying rune of Zot
 44486 | Elf:1    | Entered Level 1 of the Elven Halls
 44724 | Elf:1    | Reached skill level 10 in Spellcasting
 44734 | Elf:1    | Reached skill level 14 in Unarmed Combat
 44734 | Elf:1    | Reached skill level 2 in Necromancy
 44963 | Elf:1    | Reached XP level 19. HP: 78/103 MP: 23/34
 44982 | Elf:1    | Reached skill level 5 in Charms
 45331 | Elf:1    | Reached skill level 12 in Throwing
 45359 | Elf:1    | Found Moritom's Gadget Shoppe.
 45359 | Elf:1    | Found Wiuhiaq's Jewellery Boutique.
 45373 | Elf:1    | Found Netetz's Gadget Shoppe.
 45385 | Elf:1    | Bought a wand of paralysis (11) for 156 gold pieces
 45385 | Elf:1    | Bought a wand of iceblast (9) for 156 gold pieces
 45385 | Elf:1    | Bought a wand of enslavement (6) for 96 gold pieces
 45400 | Elf:1    | Found an ancient bone altar of Kikubaaqudgha.
 45858 | Elf:1    | Reached skill level 13 in Stealth
 45889 | Elf:1    | Found a runed translucent gate.
 45889 | Elf:1    | Found a runed translucent gate.
 45889 | Elf:1    | Found a runed translucent gate.
 45889 | Elf:1    | Found a runed translucent gate.
 45889 | Elf:1    | Found a runed translucent gate.
 45890 | Elf:1    | Found a runed translucent gate.
 46210 | Elf:2    | Reached skill level 1 in Shields
 46364 | Elf:2    | Reached skill level 3 in Necromancy
 46428 | Elf:2    | Reached skill level 13 in Dodging
 46553 | Elf:2    | Found a huge runed translucent gate.
 46553 | Elf:2    | Found a huge runed translucent gate.
 46553 | Elf:2    | Found a huge runed translucent gate.
 46553 | Elf:2    | Found a huge runed translucent gate.
 46557 | Elf:2    | Found a huge runed translucent gate.
 46762 | Elf:3    | Entered Level 3 of the Elven Halls
 46762 | Elf:3    | Found a shimmering blue altar of Sif Muna.
 46881 | Elf:3    | Reached skill level 13 in Fighting
 47160 | Elf:2    | Reached skill level 11 in Evocations
 47296 | Elf:2    | Reached skill level 2 in Shields
 48862 | D:13     | Killed Yxuheg's ghost
 48955 | Vaults:1 | Entered Level 1 of the Vaults
 49292 | Vaults:1 | Reached XP level 20. HP: 109/109 MP: 35/35
 49331 | Vaults:1 | Reached skill level 3 in Shields
 49749 | Vaults:1 | Reached skill level 14 in Dodging
 50065 | Vaults:1 | Reached skill level 15 in Unarmed Combat
 50289 | Vaults:1 | Reached skill level 12 in Evocations
 50334 | Vaults:1 | Found the ring of Robustness {AC+8}
 50450 | Vaults:1 | Found Macoawy's Magic Scroll Shop.
 50458 | Vaults:1 | Bought a scroll of magic mapping for 63 gold pieces
 50458 | Vaults:1 | Bought a scroll of vulnerability for 135 gold pieces
 50492 | Vaults:1 | Reached skill level 14 in Stealth
 50784 | Vaults:2 | Found a ruined gateway.
 50801 | Desolati | Entered the Desolation of Salt
 50926 | Desolati | beem: I am beem. For help, type: !beem
 51035 | Desolati | Reached skill level 4 in Shields
 51203 | Desolati | Reached skill level 14 in Fighting
 51272 | Desolati | Got a coiled steel ring
 51273 | Desolati | Identified the ring of Qunischa {*Tele Int+4} (You found it
                  | in the Desolation of Salt)
 51354 | Desolati | Identified the Papyrus of Changing and Attacks
 51364 | Desolati | Learned a level 5 spell: Irradiate
 51368 | Desolati | Got a glittering golden amulet
 51369 | Desolati | Identified the Guide on Shifting Ignition
 51371 | Desolati | Identified the amulet "Loewnaqiu" {Harm *Contam *Drain
                  | rElec rF++ Int+4} (You found it in the Desolation of Salt)
 51554 | Desolati | Reached skill level 13 in Throwing
 51565 | Desolati | Identified the ring "Isawiphu" {*Contam rElec rF+ SInv}
                  | (You found it in the Desolation of Salt)
 51982 | Vaults:2 | Found a portal to a secret trove of treasure.
 52345 | Vaults:2 | Noticed Margery
 52367 | Vaults:2 | Killed Margery
 52371 | Vaults:2 | Reached XP level 21. HP: 91/115 MP: 26/36
 53418 | Vaults:3 | Found a flickering gateway to a bazaar.
 53516 | Bazaar   | Entered a bazaar
 53516 | Bazaar   | Found Irua's Antique Weapon Boutique.
 53523 | Bazaar   | Found Esiog's Gadget Shoppe.
 53543 | Bazaar   | Found Muamioma's General Store.
 53551 | Bazaar   | Bought a ration for 55 gold pieces
 53554 | Bazaar   | Found Pukkinec's Distillery.
 53562 | Bazaar   | Bought a potion of curing for 27 gold pieces
 53562 | Bazaar   | Bought a potion of resistance for 90 gold pieces
 53562 | Bazaar   | Bought a potion of resistance for 90 gold pieces
 53562 | Bazaar   | Bought a potion of heal wounds for 45 gold pieces
 53562 | Bazaar   | Bought a potion of heal wounds for 45 gold pieces
 53562 | Bazaar   | Bought a potion of agility for 36 gold pieces
 53562 | Bazaar   | Bought a potion of agility for 36 gold pieces
 53562 | Bazaar   | Bought a potion of agility for 36 gold pieces
 53562 | Bazaar   | Bought a potion of ambrosia for 72 gold pieces
 53562 | Bazaar   | Bought a potion of cancellation for 72 gold pieces
 53562 | Bazaar   | Found Nyig's Antique Armour Emporium.
 53588 | Bazaar   | Bought a box of beasts for 220 gold pieces
 53601 | Bazaar   | Bought a wand of enslavement (11) for 234 gold pieces
 53833 | Vaults:3 | Reached skill level 11 in Spellcasting
 54040 | Vaults:3 | Found a staircase to the Crypt.
 54040 | Vaults:3 | Found an ancient bone altar of Kikubaaqudgha.
 54041 | Vaults:3 | Found a basalt altar of Yredelemnul.
 54232 | Vaults:3 | Reached skill level 15 in Stealth
 54391 | Vaults:3 | Reached skill level 15 in Dodging
 55046 | Vaults:4 | Reached skill level 5 in Shields
 55237 | Vaults:4 | Learned a level 4 spell: Petrify
 55287 | Vaults:4 | Reached skill level 4 in Conjurations
 55304 | Vaults:4 | Reached skill level 11 in Transmutations
 55317 | Vaults:4 | Reached skill level 13 in Evocations
 55705 | Vaults:4 | Reached skill level 1 in Earth Magic
 56083 | Vaults:4 | Learned a level 2 spell: Passwall
 56307 | Depths:1 | Entered Level 1 of the Depths
 57248 | Depths:1 | Noticed Saint Roka
 57273 | Depths:1 | Killed Saint Roka
 57286 | Depths:1 | Reached XP level 22. HP: 60/121 MP: 29/38
 57344 | Depths:1 | Reached skill level 2 in Earth Magic
 57584 | Depths:1 | Noticed Mara
 57585 | Depths:1 | Noticed mopl's illusion
 57605 | Depths:1 | Noticed mopl's illusion
 57628 | Depths:1 | Killed Mara
 57949 | Depths:1 | Found a gateway to Hell.
 57956 | Depths:1 | Identified the Disquisition on Freezing Ignition
 57985 | Depths:1 | Reached skill level 16 in Unarmed Combat
 57985 | Depths:1 | Reached skill level 6 in Charms
 58257 | Depths:2 | Identified the cursed +3 great sword "Neyb" {flame, *Drain
                  | rF- Int+9 Dex+2} (You found it on level 2 of the Depths)
 58501 | Depths:2 | Reached skill level 15 in Fighting
 58522 | Depths:2 | Reached skill level 3 in Earth Magic
 58754 | Depths:2 | Reached skill level 12 in Spellcasting
 58814 | Depths:2 | Reached skill level 7 in Charms
 58827 | Depths:2 | Reached skill level 5 in Conjurations
 58834 | Depths:2 | Reached skill level 12 in Transmutations
 59120 | Depths:2 | Reached skill level 6 in Shields
 59954 | Elf:3    | Reached skill level 14 in Evocations
 60024 | Elf:3    | Identified the ring of Syndicalism {rF+ Dex+4 Slay+3}
 60100 | Elf:3    | Reached skill level 4 in Earth Magic
 60165 | Elf:3    | Reached skill level 14 in Throwing
 60171 | Elf:3    | Reached XP level 23. HP: 126/126 MP: 27/40
 60178 | Elf:3    | Reached skill level 8 in Charms
 60427 | Elf:3    | Identified the ring of Darkness {Wiz rF+ rC+ Int+4} (You
                  | found it on level 3 of the Elven Halls)
 60448 | Elf:3    | Found the +3 hat of Pondering {ponderous, MR+ MP+10 Int+5}
 61467 | Depths:3 | Noticed an ancient lich
 61476 | Depths:3 | Killed an ancient lich
 61704 | Depths:3 | Reached skill level 5 in Earth Magic
 61771 | Depths:3 | Found a gateway to a ziggurat.
 61822 | Depths:3 | Reached skill level 13 in Transmutations
 61998 | Depths:3 | Identified the Compendium of the Ancient Seas
 62123 | Depths:3 | Reached skill level 13 in Spellcasting
 62566 | Depths:3 | Identified the ring "Omuihe" {rF+ MR++ Slay+3}
 62590 | Depths:3 | Reached skill level 7 in Shields
 62943 | Depths:3 | Reached skill level 17 in Unarmed Combat
 63128 | Depths:3 | Identified the Compendium of Enchantment and the Snowflakes
 63141 | Depths:3 | Learned a level 5 spell: Yara's Violent Unravelling
 63191 | Depths:3 | Reached skill level 16 in Fighting
 63202 | Depths:3 | Found a one-way gate leading to the halls of Pandemonium.
 63213 | Depths:3 | Reached XP level 24. HP: 117/133 MP: 41/41
 63215 | Depths:3 | Reached skill level 15 in Evocations
 63461 | Depths:4 | Reached skill level 6 in Earth Magic
 63587 | Depths:4 | Noticed Mennas
 63640 | Depths:3 | Killed Mennas
 63800 | Depths:4 | Reached skill level 14 in Spellcasting
 63862 | Depths:4 | Found a runed translucent gate.
 63862 | Depths:4 | Found a runed translucent gate.
 63862 | Depths:4 | Found a runed translucent gate.
 63951 | Depths:4 | Noticed Xtahua
 63964 | Depths:4 | Killed Xtahua
 64036 | Depths:4 | Found Kahe's Jewellery Shop.
 64046 | Depths:4 | Bought an uncursed amulet of regeneration for 360 gold
                  | pieces
 64178 | Depths:4 | Found a one-way gate to the infinite horrors of the Abyss.
 64411 | Depths:4 | Reached skill level 14 in Transmutations
 64505 | Depths:4 | Noticed Boris
 64521 | Depths:4 | Noticed an ancient lich
 64524 | Depths:4 | Killed Boris
 64531 | Depths:4 | Killed an ancient lich
 64555 | Depths:4 | Found a shimmering blue altar of Sif Muna.
 64645 | Depths:4 | Found the +3 crown of Dyrovepreva {rElec Int+2 SInv}
 64665 | Depths:4 | Identified the +2 pair of boots of Tuepro {rF+ MR+ Str+3}
                  | (You found it on level 4 of the Depths)
 64727 | Depths:4 | Identified Sif Muna's Grimoire of Creative Bewitchment
 64729 | Depths:4 | Identified Unycs's Incunabulum of Ignition
 64735 | Depths:4 | Identified the cursed ring of Behuet {Int+7 Dex-2 Stlth+}
                  | (You found it on level 4 of the Depths)
 65002 | Depths:4 | Reached skill level 15 in Throwing
 65049 | Depths:4 | Found a runed translucent gate.
 65049 | Depths:4 | Found a runed translucent gate.
 65054 | Depths:4 | Reached skill level 15 in Spellcasting
 65055 | Depths:4 | Noticed Ywomigaa's ghost (master FoFi)
 65058 | Depths:4 | Found a runed translucent gate.
 65117 | Depths:5 | Entered Level 5 of the Depths
 65539 | Depths:5 | Noticed a juggernaut
 65539 | Depths:5 | Reached XP level 25. HP: 127/140 MP: 43/43
 65745 | Depths:5 | Identified the ring of Suspected Treachery {MR- AC+4 Str+3
                  | Int+3 Dex+3} (You found it on level 5 of the Depths)
 66096 | Depths:5 | Reached skill level 17 in Fighting
 66205 | Depths:5 | Reached skill level 18 in Unarmed Combat
 66242 | Depths:5 | Learned a level 7 spell: Dragon Form
 66285 | Depths:5 | Killed a juggernaut
 66290 | Depths:5 | Reached skill level 15 in Transmutations
 66313 | Depths:5 | Reached skill level 16 in Spellcasting
 66593 | Depths:5 | Found a gate to the Realm of Zot.
 67510 | Slime:1  | Entered Level 1 of the Pits of Slime
 67552 | Slime:1  | Gained mutation: You are weak. (Str -2) [a shining eye]
 67760 | Slime:4  | Paralysed by a floating eye for 3 turns
 67765 | Slime:4  | Paralysed by a floating eye for 3 turns
 67771 | Slime:4  | HP: 5/140 [acid (7)]
 67772 | Slime:4  | Slain by an acid blob

Levels and vault maps discovered:
D:1:      lightli_arrival_windingriver, layout_loops_ring, st_stairs_5
D:2:      layout_basic, zin_statuary, st_stairs_1
D:3:      layout_basic, first_ration, uniq_ijyb
D:4:      layout_gridville, portal_sewer_entry_e, chequers_serial_rivers_room_b
D:5:      layout_cave_pools, tgw_xom, overflow_temple_1_default,
          nicolae_gozag_cash_rules_everything_around_me, lemuel_doored_altar,
          serial_shops, shop, kennysheep_generic_room_9
D:6:      minmay_polygon_palace, layout_basic, kennysheep_little_box,
          lemuel_round_altar, minmay_temple_entry_poolview, serial_shops,
          nicolae_shop_temple_entry_statues_fountains, shop_statue, shop, shop,
          serial_curves, eino_curves_04, eino_curves_01, minmay_divided_ellipse,
          uniq_sigmund
D:7:      layout_cave_pools, gammafunk_temple_overflow_arena, slow_altar_2,
          minmay_holes, grunt_ogre_cave, minmay_nine_imps
D:8:      minmay_curly_fans, layout_loops_ring, kiku_gazebo_garden_becter,
          lemuel_coloured_pillars_altar, erik_lair_island, uniq_joseph,
          uniq_maurice, uniq_grum, uniq_psyche
D:9:      minmay_the_grid_plus [minmay_the_grid_zigzag_pyramid,
          minmay_the_grid_minigrid_small, minmay_the_grid_rooms,
          minmay_the_grid_plusring, minmay_the_grid_prize_diamond_cup],
          layout_basic, lightli_temple_of_fire, overflow_temple_1_default,
          uniq_prince_ribbit1
D:10:     layout_stronghold, serial_shops, shop
D:11:     regret_index_harrowing_hell_hive, layout_small_grid
D:12:     layout_big_octagon, grunt_tough_drop, uniq_kirke
D:13:     layout_roguey, maelrawn_ghost_gauntlet_escape
D:14:     wad_arrow_thing, layout_irregular_city,
          hangedman_vaults_entry_quadrant_bands, ashenzari_altar_1,
          portal_ice_cave_entry_imps, hangedman_decor_slide_cut
D:15:     grunt_enter_depths_snipers, layout_rooms, corexii_leaking_fountain,
          special_room [special_room_orc], nicolae_qazlal_eye_of_the_storm
Temple:   compressed_dpeg_triangle_lava_temple
Lair:1:   layout_roguey [special_room_bee], beast_lair_carwin_3,
          infiniplex_staircase_pool, lemuel_fruit_tree, grunt_megastairs_4
Lair:2:   layout_chaotic_city, nicolae_swamp_entry_splash_gauntlet,
          nicolae_volcano_entry_batcave
Lair:3:   layout_big_grid, nicolae_spider_entry_non_spiders, minmay_hedge_maze
Lair:4:   layout_gridlike, chequers_serial_rivers_marsh, serial_bayou_shore_b
Lair:5:   gammafunk_cloud_chamber, layout_loops_ring
Lair:6:   grunt_lair_end_beastmaster, layout_regular_city, slime_altar_1
Swamp:1:  layout_falls_marsh, nicolae_swamp_dense_foliage
Swamp:2:  layout_falls_marsh, evilmike_swamp_ruin_house_3, swamp_pool1,
          hangedman_swamp_ravenous, uniq_nikola
Swamp:3:  layout_basic_swamp, evilmike_swamp_ruin_house_4, swamp_pool5,
          nicolae_swamp_hydra_murder_den
Swamp:4:  swamp_basic_johnstein, layout_basic_swamp, swamp_pool3,
          hangedman_swamp_cone, nicolae_swamp_spriggan_camp
Spider:1: layout_spider_delve, special_room
Spider:2: layout_chambers, uniq_azrael, uniq_frances
Spider:3: layout_spider_delve, uniq_bai_suzhen, uniq_arachne
Spider:4: grunt_spider_rune_island
Slime:1:  layout_caves
Slime:2:  layout_caves
Slime:3:  layout_caves, nicolae_slime_barrier
Slime:4:  layout_caves, nicolae_slime_phagocytosis
Orc:1:    layout_caves, basic_altar, uniq_erica
Orc:2:    st_orc_ogre_mass, layout_diamond_mine, uniq_snorg
Elf:1:    eino_elf_arrival_customs, layout_loops_ring, basic_altar, orc_legates,
          minmay_shop_grove
Elf:2:    layout_geoelf_octagon
Elf:3:    minmay_elf_hall_hex, layout_loops_cross, basic_altar
Vaults:1: ontoclasm_vaults_ring_small, v_misc_29, vaults_room_grid,
          nicolae_vaults_circle_grid_a, grunt_vaults_trifunnel, v_misc_29,
          v_pattern_4, grunt_vaults_swirl, nicolae_vaults_three_branches,
          layout_vaults_omnibox, serial_shops, shop
Vaults:2: v_misc_26, vaults_room_fancy_cross, nicolae_vaults_gold_heap,
          nicolae_vaults_asterisk, vaults_mumra_minichess,
          layout_vaults_omnigrid, nicolae_trove_entry_path_of_doom,
          portal_desolation_entry_nicolae_nacl, uniq_margery
Vaults:3: st_lines, v_misc_10, vaults_room_pool, minmay_crypt_entry_necro_gods,
          hangedman_vaults_maws, nicolae_vaults_angled_halls,
          hangedman_vaults_trim, vaults_room_ringed_pool,
          ontoclasm_vaults_gateway, layout_vaults_omnicross, serial_shops,
          bzr_entry_islet
Vaults:4: nicolae_vaults_asterisk, ontoclasm_vaults_decontamination,
          v_alt_pattern_6, grunt_vaults_funnel, hangedman_vaults_nodes,
          ontoclasm_vaults_ligature, vaults_room_grunt_arrival_ludios,
          v_alt_pattern_1, v_misc_22, ontoclasm_vaults_idyll,
          vaults_room_corners, vaults_room_door_ring, layout_vaults_big_room
Depths:1: layout_honeycomb, minmay_misc_feat_diagonals, lightli_too_deep,
          hangedman_decor_lopped, minmay_microvault, uniq_mara, uniq_saint_roka
Depths:2: hangedman_cross_stitches, layout_twisted_cross, hell_entry,
          minmay_misc_feat_room, serial_sigils, serial_sigils_hangedman_scratch,
          serial_sigils_hangedman_snap, serial_sigils_hangedman_shear,
          serial_sigils_hangedman_gut, minmay_staircase_statues_hall_small,
          firewood_loft
Depths:3: kennysheep_large_vault, layout_cave_shapes, enter_ziggurat_f,
          special_room [special_room_morgue], nicolae_water_bricks,
          pf_dread_powers_of_hell, pan_entry, hangedman_corner_corridor
Depths:4: evilmike_library_of_no_secrets, layout_gridville, hell_entry,
          ploomutoo_gammafunk_ghost_potion_laboratory, serial_shops,
          shop_fountains, chequers_serial_rivers_small_3,
          abyss_entry_small_statue_room, rand_demon_pan_entry_9,
          infiniplex_staircase_diamond, uniq_mennas, uniq_boris, uniq_xtahua
Depths:5: grunt_runaround [grunt_runaround_doors_1, grunt_runaround_doors_2,
          grunt_runaround_doors_3, grunt_runaround_doors_4,
          grunt_runaround_zot], hell_entry

Skill      XL: |  1  2  3  4  5  6  7  8  9 10 11 12 13 14 15 16 17 18 19 20 21 22 23 24 25 |
---------------+----------------------------------------------------------------------------+-----
Transmutations | 3 4 5 6 7 8 10 11 12 13 14 15 | 15.3
Spellcasting   | 3 4 5 6 7 8 9 10 11 12 13 15 16 | 16.2
Unarmed Combat | 3 4 5 6 7 8 9 10 11 12 13 14 15 16 17 18 | 18.2
Throwing       | 1 2 3 4 5 6 7 8 9 10 11 12 13 14 15 | 15.5
Fighting       | 1 2 3 4 5 7 8 9 10 11 12 13 14 15 16 17 | 17.3
Ice Magic      | 1 2 3 |  3.0
Dodging        | 4 6 7 8 10 11 12 13 14 15 | 15.3
Invocations    | 1 3 5 7 8 10 11 12 13 | 13.0
Evocations     | 3 5 7 8 9 10 11 12 13 14 15 | 15.2
Translocations | 3 6 8 9 |  9.0
Stealth        | 2 5 8 10 11 12 13 14 15 | 15.0
Hexes          | 1 4 5 |  5.0
Charms         | 3 4 5 7 8 |  8.0
Summonings     | 2 |  2.0
Conjurations   | 2 3 4 5 |  5.0
Slings         | 3 5 |  5.0
Fire Magic     | 2 3 |  3.0
Necromancy     | 2 3 |  3.0
Shields        | 2 4 5 6 7 |  7.2
Earth Magic    | 1 4 5 6 |  6.0

Action                   |  1- 3 |  4- 6 |  7- 9 | 10-12 | 13-15 | 16-18 | 19-21 | 22-24 | 25-27 || total
-------------------------+-------+-------+-------+-------+-------+-------+-------+-------+-------++-------
Melee: Unarmed           |   121 |   128 |   247 |   518 |  1109 |  1248 |  1465 |  1047 |   247 ||  6130
       Kick              |    10 |       |       |       |       |       |       |       |       ||    10
       Punch             |     1 |       |     2 |     9 |    43 |    65 |   125 |   118 |    35 ||   398
       Headbutt          |     2 |     5 |    10 |       |       |       |       |       |       ||    17
 Fire: Hunting sling     |       |    72 |   217 |   237 |   683 |   332 |   512 |       |       ||  2053
       Fustibalus        |       |       |       |       |       |       |     3 |   427 |    84 ||   514
Throw: Dart              |    71 |    64 |   204 |    78 |    36 |   191 |    38 |       |       ||   682
       Boomerang         |       |       |     8 |       |     1 |       |       |       |       ||     9
 Cast: Beastly Appendage |    22 |     5 |     5 |       |       |       |       |       |       ||    32
       Spider Form       |       |    11 |    25 |    31 |    60 |     9 |     1 |       |       ||   137
       Ice Form          |       |       |     4 |    14 |    29 |    57 |     5 |     1 |       ||   110
       Sticks to Snakes  |       |       |     1 |    11 |    29 |    25 |    11 |     4 |     3 ||    84
       Blade Hands       |       |       |     1 |    12 |    38 |    56 |    77 |    75 |    13 ||   272
       Blink             |       |       |       |     3 |    12 |    18 |    10 |    14 |       ||    57
       Ozocubu's Armour  |       |       |       |       |       |    77 |    54 |    59 |    10 ||   200
       Conjure Flame     |       |       |       |       |       |     8 |       |       |       ||     8
       Apportation       |       |       |       |       |       |    10 |     8 |     6 |     3 ||    27
       Confusing Touch   |       |       |       |       |       |     1 |       |       |       ||     1
       Regeneration      |       |       |       |       |       |    20 |    90 |    84 |    15 ||   209
       Song of Slaying   |       |       |       |       |       |     5 |    21 |    18 |     2 ||    46
       Passwall          |       |       |       |       |       |       |     1 |     2 |       ||     3
Invok: Slouch            |       |       |       |     2 |     9 |    10 |     3 |     2 |     4 ||    30
       Temporal Distorti |       |       |       |       |     5 |     5 |     4 |     7 |       ||    21
 Abil: End Transformatio |       |       |     4 |    18 |    66 |    46 |     8 |     5 |     2 ||   149
Evoke: Wand              |       |     2 |     5 |    35 |    22 |    21 |    22 |     6 |     2 ||   115
       Phial of floods   |       |       |       |       |       |       |       |     1 |     1 ||     2
  Use: Scroll            |       |     6 |     5 |    13 |    17 |     6 |    11 |    12 |     8 ||    78
       Potion            |       |       |     2 |     3 |     1 |     2 |     4 |     2 |     3 ||    17
 Stab: Sleeping          |     3 |       |       |       |    12 |     5 |    21 |     5 |       ||    46
       Confused          |       |       |       |     3 |       |     2 |       |       |       ||     5
       Paralysed         |       |       |       |       |    13 |     2 |     5 |       |       ||    20
       Distracted        |       |       |       |       |     2 |     8 |     5 |     2 |     2 ||    19
       Betrayed ally     |       |       |       |       |       |     1 |     1 |       |     1 ||     3
  Eat: Ration            |       |     2 |     5 |     9 |    17 |    19 |    16 |    10 |     2 ||    80
Armor: Robe              |    10 |     9 |     6 |       |       |       |       |       |       ||    25
       Skin              |       |     6 |    14 |    25 |    24 |    99 |     3 |       |       ||   171
       Troll leather arm |       |       |       |    19 |     8 |    82 |   146 |   162 |    28 ||   445
       Quicksilver drago |       |       |       |       |    54 |     9 |       |       |       ||    63
       Acid dragon scale |       |       |       |       |       |       |       |       |    16 ||    16
Dodge: Dodged            |   100 |   166 |   339 |   620 |  1314 |  1647 |  1544 |  1113 |   289 ||  7132
Block: Buckler           |       |       |       |       |       |     3 |   138 |    67 |    23 ||   231

Table legend:
 A = Non-vault XP
 B = Vault XP
 C = Vault XP percentage of total XP
 D = Non-vault monster count
 E = Vault monster count
 F = Vault count percentage of total count
                 A         B        C        D         E       F
            +---------+---------+-------+---------+---------+-------
      Total |  596008 |  651816 |  52.2 |    1413 |     984 |  41.1
            +---------+---------+-------+---------+---------+-------
        D:1 |      40 |      18 |  31.0 |      21 |       3 |  12.5
        D:2 |      47 |       2 |   4.1 |      17 |       1 |   5.6
        D:3 |      93 |      36 |  27.9 |      15 |       1 |   6.2
        D:4 |     166 |      23 |  12.2 |      15 |       8 |  34.8
        D:5 |     309 |     208 |  40.2 |       9 |       6 |  40.0
        D:6 |     960 |    1705 |  64.0 |      25 |      24 |  49.0
        D:7 |     615 |     813 |  56.9 |      19 |      13 |  40.6
        D:8 |     787 |    3015 |  79.3 |      24 |      16 |  40.0
        D:9 |    2015 |    4237 |  67.8 |      23 |      23 |  50.0
       D:10 |    1268 |       0 |   0.0 |      14 |       0 |   0.0
       D:11 |    9291 |    5563 |  37.5 |      30 |      50 |  62.5
       D:12 |    6107 |    4956 |  44.8 |      53 |      11 |  17.2
       D:13 |   15512 |    4498 |  22.5 |      62 |       7 |  10.1
       D:14 |    6472 |   10138 |  61.0 |      19 |      36 |  65.5
       D:15 |    8058 |    4139 |  33.9 |      24 |      29 |  54.7
     Lair:1 |    4078 |    2507 |  38.1 |      12 |      30 |  71.4
     Lair:2 |    3343 |    1463 |  30.4 |      18 |       9 |  33.3
     Lair:3 |   12267 |     146 |   1.2 |      28 |       8 |  22.2
     Lair:4 |    4318 |       0 |   0.0 |      16 |       0 |   0.0
     Lair:5 |    3821 |    1004 |  20.8 |      10 |       7 |  41.2
     Lair:6 |   10175 |    8622 |  45.9 |      36 |      18 |  33.3
    Swamp:1 |   11812 |       0 |   0.0 |      36 |       0 |   0.0
    Swamp:2 |   13944 |    9034 |  39.3 |      43 |      16 |  27.1
    Swamp:3 |   16376 |     272 |   1.6 |      40 |       2 |   4.8
    Swamp:4 |   17928 |   19226 |  51.7 |      34 |      35 |  50.7
   Spider:1 |    9572 |     311 |   3.1 |      30 |       2 |   6.2
   Spider:2 |   20421 |    4510 |  18.1 |      48 |       7 |  12.7
   Spider:3 |   21043 |    3649 |  14.8 |      59 |       1 |   1.7
   Spider:4 |    9446 |   22226 |  70.2 |      20 |      38 |  65.5
    Slime:1 |   11511 |       0 |   0.0 |      24 |       0 |   0.0
    Slime:2 |    8641 |       0 |   0.0 |      12 |       0 |   0.0
    Slime:3 |    1079 |       0 |   0.0 |       1 |       0 |   0.0
    Slime:4 |    1090 |       0 |   0.0 |       5 |       0 |   0.0
      Orc:1 |    4386 |     912 |  17.2 |      24 |       1 |   4.0
      Orc:2 |    5823 |   20918 |  78.2 |      43 |      40 |  48.2
      Elf:1 |   27813 |   19419 |  41.1 |      46 |      31 |  40.3
      Elf:2 |    8144 |   21196 |  72.2 |      16 |      27 |  62.8
      Elf:3 |   25225 |   59881 |  70.4 |      40 |      41 |  50.6
   Vaults:1 |   42950 |   17904 |  29.4 |      64 |      31 |  32.6
   Vaults:2 |   19330 |   18100 |  48.4 |      36 |      22 |  37.9
   Vaults:3 |   35128 |    7211 |  17.0 |      69 |      10 |  12.7
   Vaults:4 |   19794 |   14869 |  42.9 |      36 |      29 |  44.6
   Depths:1 |   42419 |   18730 |  30.6 |      58 |      20 |  25.6
   Depths:2 |   59217 |   17652 |  23.0 |      66 |      18 |  21.4
   Depths:3 |   32871 |   99644 |  75.2 |      38 |      67 |  63.8
   Depths:4 |   38472 |   71445 |  65.0 |      30 |      40 |  57.1
   Depths:5 |    1831 |  102618 |  98.2 |       5 |      93 |  94.9
      Sewer |       0 |     116 | 100.0 |       0 |       6 | 100.0
      IceCv |       0 |    5050 | 100.0 |       0 |      21 | 100.0
    Volcano |       0 |    4470 | 100.0 |       0 |      17 | 100.0
 Desolation |       0 |   39360 | 100.0 |       0 |      69 | 100.0
            +---------+---------+-------+---------+---------+-------
